 Dungeon Sprint DCSS version 0.30-a0-867-g305f33218d (webtiles) character file.

Game seed: 15934419993470412365

27 BigDaddyOpFi the Magician (level 3, -7/25 HPs)
             Began as a Djinni Earth Elementalist on Mar 10, 2023.
             Was a Follower of Qazlal.
             Mangled by a slime creature (15 damage)
             ... while paralysed by a floating eye
             ... in the Dungeon (Sprint V: "Ziggurat Sprint").
             The game lasted 00:01:08 (386 turns).

BigDaddyOpFi the Magician (DjEE)                     Turns: 386, Time: 00:01:09

Health: -7/25      AC:  2    Str:  7    XL:     3   Next: 25%
Gold:   0          EV:  2    Int: 24    God:    Qazlal [*.....] SH:  0 Dex: 16

rFire   + + .      SeeInvis .    y - +6 shillelagh "Devastator" {shatter}
rCold   x . .      Faith    .    (no shield)
rNeg    . . .      Spirit   .    a - +0 robe
rPois   ∞          Reflect  .    (no helmet)
rElec   .          Rampage  .    (no cloak)
rCorr   .          NoTele   +    (no gloves)
Will    .....                    (boots unavailable)
Stlth   ++                       (no amulet)
HPRegen 0.24/turn                t - +6 ring of intelligence
MPRegen 0.00/turn                z - ring of Keipanux {MP+9 Dex+3}

@: paralysed, flying
A: sickness immunity, fire resistance 2, cold vulnerability 1, float, innate
caster, HP casting, extra vitality 1
a: Renounce Religion


You were in the Dungeon.
You worshipped Qazlal.
Qazlal was aware of your devotion.
You visited 1 branch

Inventory:

Hand Weapons
 y - the +6 shillelagh "Devastator" (weapon) {shatter}
   (You found it in the Dungeon)
Armour
 a - a +0 robe (worn)
Jewellery
 r - a +6 ring of dexterity
 s - a +6 ring of dexterity
 t - a +6 ring of intelligence (left hand)
 u - a +6 ring of intelligence
 v - a +6 ring of strength
 w - a +6 ring of strength
 x - a ring of flight
 z - the ring of Keipanux (right hand) {MP+9 Dex+3}
   (You found it in the Dungeon)

   [ring of magical power]

   Dex:       It affects your dexterity (+3).
   MP:        It affects your magic capacity (+9).
 A - a ring of positive energy
Wands
 o - a wand of mindburst (7)
 p - a wand of iceblast (7)
 q - a wand of acid (7)
Scrolls
 f - 4 scrolls of blinking
 l - 7 scrolls of fog
 m - 5 scrolls of identify
 n - 2 scrolls of fear
Potions
 b - 10 potions of curing
 c - 10 potions of heal wounds
 d - 6 potions of haste
 e - 3 potions of berserk rage
 g - 2 potions of brilliance
 h - 2 potions of invisibility
 i - 4 potions of resistance
 k - 5 potions of might
Miscellaneous
 j - a lightning rod (4/4)


   Skills:
 + Level 2.8 Dodging
 + Level 2.1 Stealth
 + Level 6.3 Spellcasting
 + Level 1.3 Invocations


You knew the following spells:

 Your Spells              Type           Power      Damage    Failure   Level
a - Sandblast             Erth           76%        2d16      1%          1
b - Passwall              Tmut/Erth      31%        N/A       1%          2
c - Stone Arrow           Conj/Erth      76%        3d11      1%          3
d - Petrify               Tmut/Erth      38%        N/A       5%          4
e - Sting                 Tmut/Pois      100%       1d8       1%          1
Your spell library was empty.

Dungeon Overview and Level Annotations

Branches:
Dungeon (1/1)

Altars:
Ashenzari
Cheibriados
Dithmenos
Elyvilon
Fedhas
Gozag
Hepliaklqana
Makhleb
Nemelex Xobeh
Okawaru
Qazlal
Ru
Trog
Uskayaw
Wu Jian
Xom
Yredelemnul
Zin
The Shining One
Jiyva
Lugonu

Annotations:
D 1 transporter


Innate Abilities, Weirdness & Mutations

You are immune to sickness and miasma.
You are immune to poison.
Your flesh is very heat resistant. (rF++)
You are vulnerable to cold. (rC-)
You float through the air rather than walking.
You learn spells naturally, not from books.
Your magical power is your life essence.
You have superior vitality. (+4 MHP)


Message History

Found three items.
Found a transporter.
Aiming: Sandblast (safe; 1% risk of failure)
Press: ? - help, Q - select action, (/) - cycle Shift-Dir - straight line, f - you
Okay, then.
You need no library to learn spells.
You need no library to learn spells.
You need no library to learn spells.
Casting: Sandblast (safe; 1% risk of failure)
Confirm with . or Enter, or press ? or * to list all spells.
Okay, then.
Casting: Sandblast (safe; 1% risk of failure)
Confirm with . or Enter, or press ? or * to list all spells.
You can't see any susceptible monsters within range! (Use Z to cast anyway.)
The slime creature quivers.
Casting: Sandblast (safe; 1% risk of failure)
Confirm with . or Enter, or press ? or * to list all spells.
Aiming: Stone Arrow (safe; 1% risk of failure)
Press: ? - help, Shift-Dir - straight line, f - slime creature
Aim: a slime creature (94% to hit)
The stone arrow hits the slime creature!!
The slime creature is moderately wounded.
The endoplasm quivers.
The floating eye seems to glare at you.
Casting: Stone Arrow (safe; 1% risk of failure)
Confirm with . or Enter, or press ? or * to list all spells.
Aiming: Stone Arrow (safe; 1% risk of failure)
Press: ? - help, Shift-Dir - straight line, f/p - slime creature
Aim: a slime creature (moderately wounded, 94% to hit)
The stone arrow misses the slime creature.
The stone arrow hits the endoplasm!
You kill the endoplasm!
Qazlal accepts your kill.
You are now surrounded by a storm.
The floating eye gazes piercingly through you!
You suddenly lose the ability to move!
The slime creature hits you!
The floating eye's stare focuses on you.
The slime creature completely misses you.
The slime creature hits you!
Ouch! That really hurt!
You die...

▓▓▓▓▓▓▓▓▓▓▓▓▓
▓.8©8.▓.8©8.▓
▓.[|}.▓.....▓
▓.....▓.....▓
▓.....▓..÷..▓
▓..JG.▓..÷..▓
▓..@..▓..©..▓
▓..©..▓▓▓▓▓▓▓
▓▓▓▓▓▓▓


You could see a slime creature and a floating eye (charged).

Vanquished Creatures
  2 river rats (D)
  An endoplasm (D)
3 creatures vanquished.

Notes
Turn   | Place    | Note
-------+----------+-------------------------------------------
     0 | D        | BigDaddyOpFi the Djinni Earth Elementalist began the quest
                  | for the Orb.
     0 | D        | BigDaddyOpFi set off with the following spells memorised:
                  | Sandblast, Passwall, Stone Arrow, Petrify.
     0 | D        | Reached XP level 1. HP: 15/15 MP: 0/0
     0 | D        | Found a bloodstained altar of Trog.
     0 | D        | Found a sacrificial altar of Ru.
     0 | D        | Found a stormy altar of Qazlal.
     0 | D        | Found an iron altar of Okawaru.
     1 | D        | Found a sparkling altar of Nemelex Xobeh.
     1 | D        | Found a blossoming altar of Fedhas.
     1 | D        | Found the +6 Majin-Bo {spellvamp, MP+6 Int+6}
     1 | D        | Found the +27 heavy crossbow "Sniper" {heavy, Acc+∞ SInv}
     1 | D        | Found the +10 dark maul {heavy}
     1 | D        | Found the +15 Maxwell's patent armour {-Cast -Tele rElec
                  | Will+ rCorr}
     1 | D        | Found the +18 shield of the Gong {Loud rN+ Will+ rCorr
                  | EV-5}
     1 | D        | Found the +16 obsidian axe {drain, demonic, Mesm Drain Fly
                  | SInv}
     1 | D        | Found the +7 great mace "Firestarter" {flame, inner flame,
                  | rFlCloud rF++}
     1 | D        | Found the +6 shillelagh "Devastator" {shatter}
     1 | D        | Found the +11 plutonium sword {Contam Stlth-}
     1 | D        | Found the +8 lance "Wyrmbane" {slay drac, rPois rF+ rC+
                  | AC+3}
     1 | D        | Found the +9 sword of Zonguldrok {reap}
     1 | D        | Found the +13 scythe of Curses {drain, curses, Drain}
     1 | D        | Found the +9 sword of Power {lifebolt}
     1 | D        | Found the +7 mace of Variability {chaos, chain chaos}
     1 | D        | Found the +11 Singing Sword {sonic wave}
     1 | D        | Found the +8 storm bow {elec, penet}
     3 | D        | Found a transporter.
     3 | D        | Found a viscous altar of Jiyva.
     3 | D        | Found a corrupted altar of Lugonu.
     3 | D        | Found a hazy altar of Hepliaklqana.
     3 | D        | Found a burning altar of Makhleb.
     3 | D        | Found an opulent altar of Gozag.
    18 | D        | Reached skill level 6 in Spellcasting
    18 | D        | Reached XP level 2. HP: 21/21 MP: 0/0
    38 | D        | Became a worshipper of Qazlal Stormbringer
    64 | D        | Entered arena 2.
    64 | D        | Found a transporter.
    70 | D        | Reached skill level 1 in Invocations
    70 | D        | Reached XP level 3. HP: 16/25 MP: 0/0
    70 | D        | Learned a level 1 spell: Sting
   267 | D        | Got the ring of Keipanux {MP+9 Dex+3}
   380 | D        | Entered arena 3.
   380 | D        | Noticed a slime creature
   380 | D        | Noticed a floating eye
   380 | D        | Found a transporter.
   383 | D        | Reached * piety under Qazlal
   383 | D        | Paralysed by a floating eye for 4 turns
   386 | D        | Mangled by a slime creature

Illustrated notes

Levels and vault maps discovered:
D:        sprint_v [room_start, room_1, room_2, room_3, room_4, room_5, room_6,
          room_7, room_8, room_9, room_10, room_11, room_12, room_13, room_14,
          room_15, room_16, room_17, room_18, room_19, room_20, room_21,
          room_22, room_23, room_24, room_25, room_26, room_27]

Skill      XL: |  1  2 |
---------------+-------+-----
Spellcasting   | 6 |  6.3
Stealth        | 2 |  2.1
Invocations    | 1 |  1.3
Dodging        | |  2.8

Action                     || total
---------------------------++-------
   Cast: Sandblast         ||     5
         Stone Arrow       ||     2
    Use: Potion            ||     1
  Dodge: Dodged            ||     1

Table legend: (Time is in decaauts)
 A = Elapsed time spent in this place.
 B = Non-inter-level travel time spent in this place.
 C = Inter-level travel time spent in this place.
 D = Time resting spent in this place.
 E = Time spent auto-exploring this place.
 F = Levels seen in this place.
 G = Mean time per level.
                   A        B        C        D        E       F      G
               +--------+--------+--------+--------+--------+-----+--------+
         Total |    386 |    386 |      0 |    294 |      0 |   1 |  386.0 |
       Dungeon |    386 |    386 |      0 |    294 |      0 |   1 |  386.0 |
               +--------+--------+--------+--------+--------+-----+--------+

Top non-repeatable levels by time:
       D: 386 daAuts
